 Dungeon Crawl Stone Soup version 0.29.0-5-ge4962eb29e (webtiles) character file.

Game seed: 3375599930384425349

278 Zeldest the Ruffian (level 6, -1/68 HPs)
             Began as a Troll Fighter on Aug 30, 2022.
             Succumbed to Edmund's poison
             ... on level 4 of the Dungeon.
             The game lasted 00:02:01 (2650 turns).

Zeldest the Ruffian (Troll Fighter)                 Turns: 2650, Time: 00:02:02

Health: -1/68      AC:  7    Str: 27    XL:     6   Next: 5%
Magic:  5/5        EV:  8    Int:  4    God:
Gold:   291        SH:  7    Dex:  9    Spells: 5/5 levels left

rFire   . . .      SeeInvis .     - Unarmed
rCold   . . .      Faith    +   b - +0 kite shield
rNeg    . . .      Spirit   .   a - +0 robe
rPois   .          Reflect  .   (helmet restricted)
rElec   .          Harm     .   d - +0 cloak
rCorr   +          Rampage  .   (gloves unavailable)
Will    .....                   (boots unavailable)
Stlth   +.........              j - amulet of faith
HPRegen 1.01/turn               f - ring of resist corrosion
MPRegen 0.09/turn               (no ring)

@: brilliant, lethally poisoned (-1 -> -13)
A: large, unfitting armour, claws 3, regeneration 1, shaggy fur 1, tough skin 1,
iridescent scales 1, robust 1
a: no special abilities


You were on level 4 of the Dungeon.
You visited 1 branch of the dungeon, and saw 4 of its levels.

You collected 291 gold pieces.

Inventory:

Armour
 a - a +0 robe (worn)
 b - a +0 kite shield (worn)
 d - a +0 cloak (worn)
Jewellery
 f - a ring of resist corrosion (left claw)
 j - an amulet of faith (around neck)
Wands
 s - a wand of paralysis (7)
Scrolls
 e - a scroll of brand weapon {unknown}
 h - 3 scrolls of identify {unknown}
 i - a scroll of enchant weapon {unknown}
 l - a scroll of poison {unknown}
 q - a scroll of teleportation {unknown}
 t - a scroll of fog {unknown}
Potions
 c - 3 potions of might
 g - a potion of cancellation {unknown}
 k - a potion of brilliance
 m - a potion of curing {unknown}
 n - a potion of mutation
 o - a potion of berserk rage {unknown}
 p - a potion of resistance {unknown}
 r - a potion of flight {unknown}


   Skills:
 + Level 3.7 Fighting
 - Level 2.4 Dodging
 - Level 2.6 Shields
 * Level 5.3 Unarmed Combat


You had 5 spell levels left.
You didn't know any spells.
Your spell library contained the following spells:

 Spells                   Type           Power      Damage    Failure   Level
 Beastly Appendage        Tmut           0%         N/A       80%         1
 Necrotise                Necr           0%         1d4       80%         1
 Wereblood                Tmut           0%         N/A       91%         2
 Confusing Touch          Hex            0%         N/A       99%         3
 Spider Form              Tmut/Pois      0%         N/A       99%         3
 Vampiric Draining        Necr           0%         2d6       99%         3
 Agony                    Necr           0%         N/A       100%        5
 Yara's Violent Unravell  Hex/Tmut       0%         3d3       100%        5
 Enfeeble                 Hex            0%         N/A       100%        7


Dungeon Overview and Level Annotations

Branches:
Dungeon (4/15)
 Temple: D:4-7

Altars:
Fedhas
Ru
Xom

Annotations:
D:4 Edmund


Innate Abilities, Weirdness & Mutations

You are too large for most types of armour.
You have claws for hands.
Your natural rate of healing is unusually fast.
You are covered in fur. (AC +1)
You have tough skin. (AC +1)
You are partially covered in iridescent scales. (AC +2)
You are robust. (+10% HP)


Message History

Edmund barely misses you.
You claw Edmund!
Edmund is moderately wounded.
You feel very sick.
Edmund hits you with a +2 dire flail of venom.
You are more poisoned.
You claw Edmund!
Edmund is severely wounded.
You feel very sick. Edmund barely misses you.
You scratch Edmund.
Edmund is severely wounded.
You feel very sick. You block Edmund's attack.
Edmund hits you with a +2 dire flail of venom.
You are more poisoned.
You barely miss Edmund.
Edmund is severely wounded.
You feel very sick. Edmund barely misses you.
You scratch Edmund.
Edmund is almost dead.
You feel very sick.
Edmund hits you with a +2 dire flail of venom!
* * * LOW HITPOINT WARNING * * *
You are lethally poisoned!
You scratch Edmund.
Edmund is almost dead.
* * * LOW HITPOINT WARNING * * *
You feel extremely sick. You block Edmund's attack.
It was a potion of brilliance.
You feel clever all of a sudden.
* * * LOW HITPOINT WARNING * * *
You feel very sick. Edmund barely misses you.
It was a potion of mutation.
You feel extremely strange.
Iridescent scales grow over part of your body.
You feel robust.
You die...

#.....#..####.#
#######.#.....#
###......#.#####
#...####...#
#.### ##### ##.#
##.)# #..## #@##
......@.#
#########


You could see Edmund.

Vanquished Creatures
  A scorpion (D:4)
  Natasha (D:3)
  Terence (D:2)
  Robin (D:4)
  7 adders
  3 dart slugs
  9 orcs
  9 ball pythons
  3 bats
  7 endoplasms
  A giant cockroach (D:2)
  7 goblins
  13 hobgoblins
  2 kobolds
  3 quokkas
  4 frilled lizards
  11 rats
83 creatures vanquished.

Notes
Turn   | Place    | Note
-------+----------+-------------------------------------------
     0 | D:1      | Zeldest the Troll Fighter began the quest for the Orb.
     0 | D:1      | Reached XP level 1. HP: 22/22 MP: 0/0
    79 | D:1      | Found a faded altar of an unknown god.
   173 | D:1      | Reached XP level 2. HP: 29/29 MP: 1/1
   858 | D:2      | Reached skill level 3 in Unarmed Combat
   920 | D:2      | Reached XP level 3. HP: 36/36 MP: 2/2
   973 | D:2      | Found a shimmering altar of Xom.
  1255 | D:2      | Noticed Terence
  1262 | D:2      | Killed Terence
  1263 | D:2      | Reached skill level 4 in Unarmed Combat
  1263 | D:2      | Reached XP level 4. HP: 39/45 MP: 3/3
  1654 | D:3      | Found a large runed translucent door.
  1655 | D:3      | Found a large runed translucent door.
  1655 | D:3      | Noticed Natasha
  1803 | D:3      | Found a blossoming altar of Fedhas.
  1890 | D:3      | Reached XP level 5. HP: 38/53 MP: 4/4
  2379 | D:3      | Killed Natasha
  2403 | D:3      | Found a shimmering altar of Xom.
  2406 | D:3      | Found a sacrificial altar of Ru.
  2443 | D:4      | Noticed Robin
  2465 | D:4      | Killed Robin
  2472 | D:4      | Reached skill level 5 in Unarmed Combat
  2479 | D:4      | Reached XP level 6. HP: 62/62 MP: 5/5
  2638 | D:4      | Noticed Edmund
  2649 | D:4      | HP: 2/62 [poisoned by Edmund]
  2650 | D:4      | Gained mutation: You are partially covered in iridescent
                  | scales. (AC +2) [potion of mutation]
  2650 | D:4      | Gained mutation: You are robust. (+10% HP) [potion of
                  | mutation]
  2650 | D:4      | Succumbed to Edmund's poison

Illustrated notes

Levels and vault maps discovered:
D:1:      onia_arrival_mini_maze, layout_loops_ring, basic_ecumenical_altar,
          chequers_serial_rivers_micro_d, minivault_14, dreamdust_wishing_well,
          hangedman_decor_push
D:2:      layout_basic, basic_altar, uniq_terence
D:3:      layout_loops_ring, fedhas_altar_2, jmf_multi_god_temple2,
          minmay_checkerbox, uniq_natasha
D:4:      kb_forest_paths, layout_basic, uniq_edmund, uniq_menkaure, uniq_robin

Skill      XL: |  1  2  3  4  5 |
---------------+----------------+-----
Unarmed Combat | 3 4 5 |  5.3
Fighting       | 3 |  3.7
Dodging        | |  2.4
Shields        | |  2.6

Action                   |  1- 3 |  4- 6 || total
-------------------------+-------+-------++-------
Melee: Unarmed           |    88 |   128 ||   216
  Use: Potion            |       |     2 ||     2
 Stab: Sleeping          |     1 |       ||     1
Armor: Robe              |    22 |    20 ||    42
Dodge: Dodged            |    33 |    37 ||    70
Block: Kite shield       |    21 |    33 ||    54
